 Dungeon Crawl Stone Soup version 0.18.1-6-gd335043 (webtiles) character file.

60 Jerry the Covered (level 3, -1/30 HPs)
             Began as a Demigod Fighter on May 17, 2016.
             Slain by a hobgoblin
             ... wielding a +0 club
             ... led by Robin
              (6 damage)
             ... on level 2 of the Dungeon.
             The game lasted 00:04:18 (1036 turns).

Jerry the Covered (Demigod Fighter)                 Turns: 1036, Time: 00:04:19

Health: -1/30      AC:  6    Str: 19    XL:     3   Next: 55%
Magic:  0/5        EV:  7    Int: 12    God:
Gold:   106        SH:  9    Dex: 17    Spells: 0 memorised, 2 levels left

rFire  . . .     SeeInvis .     a - +0 flail
rCold  . . .     Gourm    .     b - +0 scale mail
rNeg   . . .     Faith    .     c - +0 shield
rPois  .         Spirit   +     (no helmet)
rElec  .         Dismiss  .     (no cloak)
rCorr  .         Reflect  .     (no gloves)
SustAt +         Harm     .     (no boots)
MR     .....                    t - amulet of guardian spirit
Stlth  ..........               (no ring)
                                (no ring)

@: not resistant to hostile enchantments, extremely unstealthy
A: high mp 1, sustain attributes
a: no special abilities


You were on level 2 of the Dungeon.
You were hungry.

You visited 1 branch of the dungeon, and saw 2 of its levels.

You collected 106 gold pieces.

Inventory:

Hand Weapons
 a - a +0 flail (weapon)
 i - a +0 hunting sling
Missiles
 k - 38 stones (quivered)
Armour
 b - a +0 scale mail (worn)
 c - a +0 shield (worn)
Jewellery
 t - an amulet of guardian spirit (around neck)
Scrolls
 e - a scroll of immolation {unknown}
 h - a scroll of amnesia {unknown}
 n - a scroll of enchant weapon {unknown}
 p - a scroll of fear {unknown}
 r - a scroll of enchant armour {unknown}
Potions
 d - a potion of might
 g - a potion of cure mutation {unknown}
 j - a potion of heal wounds {unknown}
 l - a potion of curing {unknown}
 m - a potion of ambrosia {unknown}
 o - a potion of lignification {unknown}
 s - a potion of brilliance {unknown}
Comestibles
 f - 3 bread rations
 q - 2 meat rations


   Skills:
 - Level 2.6 Fighting
 + Level 2.5 Maces & Flails
 + Level 3.3 Armour
 + Level 3.2 Shields


You had 2 spell levels left.
You didn't know any spells.

Dungeon Overview and Level Annotations

Branches:
Dungeon (2/15)

Annotations:
D:2 Robin


Innate Abilities, Weirdness & Mutations

You have an increased reservoir of magic (+10% MP).
Your attributes are resistant to harm.


Message History

You kill the goblin!
You block the hobgoblin's attack. The goblin hits you.
Robin throws the goblin at you! You block the hobgoblin's attack.
The goblin hits you with a club.
You barely miss the goblin. The goblin closely misses you.
You block the hobgoblin's attack. The hobgoblin barely misses you.
You block the goblin's attack. The goblin hits you.
The hobgoblin hits you with a club. The hobgoblin hits you.
You closely miss the goblin. You block the goblin's attack.
The goblin hits you but does no damage.
The hobgoblin hits you but does no damage.
You block the hobgoblin's attack.
You barely miss the goblin. The goblin hits you but does no damage.
The goblin hits you. The hobgoblin hits you. The hobgoblin barely misses you.
The goblin hits you but does no damage. The goblin hits you with a club.
* * * LOW HITPOINT WARNING * * *
You miss the goblin.
The hobgoblin hits you but does no damage.
The hobgoblin hits you with a club!
You die...

#.....# ##...# #.#...# ##....##
#########.#...#### #......#
.!$..............# ##..#...#
#####........##.# #..#_#.)<
##.......#...##.# #...#....
##........#.gg##.### #........
##......))...gg#..†.# #........
............##g@..#.# ##........
#...........#.g#g##)# #.........
..>.............w...###)#..###.#
.#..........>....†<.....#..# #.#
........................#..# #.#
.....................#.........#
.#..................###.#.<###..
#...$.............## #....#
...................# ##...#


You could see Robin, a dart slug, 4 hobgoblins and 2 goblins.

Vanquished Creatures
  2 adders (D:2)
  An ooze (D:1)
  A giant cockroach (D:1)
  8 goblins
  7 hobgoblins (D:1)
  4 jackals (D:1)
  A quokka (D:2)
  4 bats (D:1)
  2 giant newts (D:1)
  A kobold (D:1)
  3 rats
34 creatures vanquished.

Notes
Turn   | Place    | Note
--------------------------------------------------------------
     0 | D:1      | Jerry the Demigod Fighter began the quest for the Orb.
     0 | D:1      | Reached XP level 1. HP: 18/18 MP: 3/3
   104 | D:1      | Reached XP level 2. HP: 23/25 MP: 4/4
   827 | D:2      | Found a faded altar to an unknown god.
   883 | D:2      | Reached XP level 3. HP: 29/30 MP: 5/5
  1011 | D:2      | Noticed Robin
  1036 | D:2      | Slain by a hobgoblin

Skill      XL: |  1  2 |
---------------+-------+-----
Maces & Flails | 2 |  2.5
Armour         | 3 |  3.3
Shields        | 3 |  3.2
Fighting       | |  2.6

Action                   || total
-------------------------++-------
Melee: Flail             ||   101
 Fire: Hunting sling     ||    13
Armor: Scale mail        ||    67
Dodge: Dodged            ||    32
Block: Shield            ||    54
